 Dungeon Crawl Stone Soup version 0.26-a0-113-gd8a95b691d (webtiles) character file.

Game seed: 4004373312792269778

255 WhoHaz the Covered (level 6, 0/48 HPs)
             Began as a Human Fighter on June 27, 2020.
             Was an Initiate of Elyvilon.
             Slain by an orc
             ... wielding a +0 trident
              (7 damage)
             ... on level 3 of the Dungeon.
             The game lasted 00:16:28 (2547 turns).

WhoHaz the Covered (Human Fighter)                  Turns: 2547, Time: 00:16:29

Health: 0/48       AC:  5    Str: 18    XL:     6   Next: 38%
Magic:  6/6        EV:  9    Int:  8    God:    Elyvilon [......]
Gold:   84         SH:  5    Dex: 13    Spells: 5/5 levels left

rFire    . . .     SeeInvis .   a - +0 flail
rCold    . . .     Faith    .   k - +0 buckler (curse)
rNeg     . . .     Spirit   .   h - -2 scale mail (curse)
rPois    .         Reflect  .   (no helmet)
rElec    .         Harm     .   (no cloak)
rCorr    .                      (no gloves)
MR       .....                  (no boots)
Stlth    ..........             (no amulet)
HPRegen  0.16/turn              (no ring)
MPRegen  0.10/turn              (no ring)

@: slowed, very slow
A: no striking features
a: Renounce Religion


You were on level 3 of the Dungeon.
You worshipped Elyvilon.
Elyvilon was noncommittal.
You were hungry.

You visited 1 branch of the dungeon, and saw 3 of its levels.

You collected 84 gold pieces.

Inventory:

Hand Weapons
 a - a +0 flail (weapon)
Missiles
 q - 36 arrows
Armour
 b - a +0 scale mail
 c - a +0 kite shield
 h - a cursed -2 scale mail (worn)
 k - a cursed +0 buckler (worn)
 o - a +0 scale mail
Wands
 s - a wand of flame (21)
Scrolls
 e - 3 scrolls of identify
 g - a scroll of amnesia
 r - a scroll of teleportation
Potions
 i - a potion of berserk rage {unknown}
 l - a potion of heal wounds {unknown}
 m - a potion of degeneration {unknown}
 n - 2 potions of mutation
 p - a potion of curing {unknown}
Comestibles
 f - 3 rations


   Skills:
 + Level 3.7 Fighting
 + Level 4.2 Maces & Flails
 + Level 4.2 Armour
 + Level 0.5 Dodging
 + Level 0.2 Stealth
 + Level 3.7 Shields


You had 5 spell levels left.
You didn't know any spells.
Your spell library was empty.

Dungeon Overview and Level Annotations

Branches:
Dungeon (3/15)

Altars:
Elyvilon
Wu Jian


Message History

The orc wizard is lightly wounded.
The orc hits you but does no damage.
The orc wizard hits you but does no damage.
The orc hits you from afar with a +0 trident.
You closely miss the orc wizard.
The orc wizard is lightly wounded.
The orc wizard points at you and mumbles some strange words.
The magic dart hits you.
The orc hits you from afar with a +0 trident.
The orc wizard hits you with a +0 dagger.
* * * LOW HITPOINT WARNING * * *
The orc hits you from afar with a +0 trident!
* * * LOW HITPOINT WARNING * * *
The orc wizard points at you and mumbles some strange words.
You feel yourself slow down.
It was a potion of magic.
Magic courses through your body. The orc hits you but does no damage.
You are feeling hungry.
The orc hits you from afar with a +0 trident!
You die...

#...#.# .....## .....
...#### #..... .
###...# ...###.....##
.........o..#
#####.@###.#
######..## #o##
.$.....#####o.## ###
##.....##.....##...
#......o.........###.
.................##...
#.....................
#.........!...........
#
#.<...................
##


You could see an orc.

Vanquished Creatures
  Sigmund (D:2)
  Jessica (D:2)
  3 worms (D:2)
  3 dart slugs
  A leopard gecko (D:1)
  6 bats
  A giant cockroach (D:2)
  3 hobgoblins (D:2)
  6 jackals (D:1)
  2 quokkas (D:2)
  5 frilled lizards
  5 goblins
  8 kobolds (D:1)
  6 rats
51 creatures vanquished.

Notes
Turn   | Place    | Note
-------+----------+-------------------------------------------
     0 | D:1      | WhoHaz the Human Fighter began the quest for the Orb.
     0 | D:1      | Reached XP level 1. HP: 18/18 MP: 1/1
   204 | D:1      | Reached XP level 2. HP: 22/24 MP: 2/2
   774 | D:1      | Reached XP level 3. HP: 25/29 MP: 3/3
  1537 | D:2      | Found a white marble altar of Elyvilon.
  1578 | D:2      | Became a worshipper of Elyvilon the Healer
  1711 | D:2      | Reached XP level 4. HP: 33/35 MP: 4/4
  1746 | D:2      | Noticed Jessica
  1757 | D:2      | Killed Jessica
  1800 | D:2      | Found an ornate altar of the Wu Jian Council.
  2292 | D:2      | Noticed Sigmund
  2308 | D:2      | Killed Sigmund
  2308 | D:2      | Reached XP level 5. HP: 26/42 MP: 5/5
  2308 | D:2      | Reached XP level 6. HP: 30/48 MP: 6/6
  2547 | D:3      | Slain by an orc

Illustrated notes

Levels and vault maps discovered:
D:1:      lemuel_arrival_tunnels, layout_loops_corners, nrook_loot_triangle
D:2:      layout_basic, nicolae_overflow_crystal_walls, elyvilon_altar_5,
          uniq_jessica, uniq_sigmund
D:3:      layout_rooms, tgw_xom, first_ration

Skill      XL: |  1  2  3  4 |
---------------+-------------+-----
Maces & Flails | 4 |  4.2
Armour         | 4 |  4.2
Fighting       | |  3.7
Dodging        | |  0.5
Stealth        | |  0.2
Shields        | |  3.7

Action                   |  1- 3 |  4- 6 || total
-------------------------+-------+-------++-------
Melee: Flail             |   125 |    64 ||   189
  Use: Scroll            |     2 |     1 ||     3
       Potion            |       |     2 ||     2
  Eat: Chunk             |     3 |     2 ||     5
Armor: Scale mail        |    53 |    25 ||    78
Dodge: Dodged            |    53 |    29 ||    82
Block: Kite shield       |    49 |       ||    49
       Buckler           |    15 |    12 ||    27

Table legend:
 A = Non-vault XP
 B = Vault XP
 C = Vault XP percentage of total XP
 D = Non-vault monster count
 E = Vault monster count
 F = Vault count percentage of total count
                 A         B        C        D         E       F
            +---------+---------+-------+---------+---------+-------
      Total |      97 |     268 |  73.4 |      49 |       2 |   3.9
            +---------+---------+-------+---------+---------+-------
        D:1 |      49 |       0 |   0.0 |      27 |       0 |   0.0
        D:2 |      48 |     268 |  84.8 |      22 |       2 |   8.3
            +---------+---------+-------+---------+---------+-------
